 Dungeon Crawl Stone Soup version 0.30-a0-219-gf2db51d15e (webtiles) character file.

Game seed: 13880656280604661945

101 Decritt the Sneak (level 4, 0/22 HPs)
             Began as a Spriggan Enchanter on Oct 7, 2022.
             Slain by a shadow imp (5 damage)
             ... summoned by Natasha
             ... on level 2 of the Dungeon.
             The game lasted 00:03:48 (1848 turns).

Decritt the Sneak (Spriggan Enchanter)              Turns: 1848, Time: 00:03:49

Health: 0/22       AC:  2    Str:  4    XL:     4   Next: 48%
Magic:  10/10      EV: 18    Int: 16    God:
Gold:   127        SH:  0    Dex: 17    Spells: 10/10 levels left

rFire   . . .      SeeInvis +    a - +1 dagger
rCold   . . .      Faith    .    (no shield)
rNeg    . . .      Spirit   .    b - +0 robe
rPois   .          Reflect  .    (helmet restricted)
rElec   .          Harm     .    (no cloak)
rCorr   .          Rampage  .    (gloves unavailable)
Will    .....                    (boots unavailable)
Stlth   +++.......               (no amulet)
HPRegen 0.23/turn                (no ring)
MPRegen 0.12/turn                (no ring)

@: very quick
A: very small, no large weapons, unfitting armour, see invisible, speed 3
a: no special abilities


You were on level 2 of the Dungeon.
You visited 1 branch of the dungeon, and saw 2 of its levels.

You collected 127 gold pieces.

Inventory:

Hand Weapons
 a - a +1 dagger (weapon)
Armour
 b - a +0 robe (worn)
Scrolls
 d - a scroll of butterflies {unknown}
 f - a scroll of fear {unknown}
 g - a scroll of blinking {unknown}
 i - a scroll of amnesia {unknown}
 j - 2 scrolls of enchant armour {unknown}
 l - a scroll of magic mapping {unknown}
Potions
 c - 2 potions of invisibility
 e - a potion of attraction {unknown}
 h - a potion of curing {unknown}


   Skills:
 + Level 1.0 Fighting
 + Level 2.2 Short Blades
 + Level 3.5 Dodging
 + Level 5.2 Stealth
 + Level 3.5 Spellcasting
 + Level 4.1 Hexes


You had 10 spell levels left.
You didn't know any spells.
Your spell library contained the following spells:

 Spells                   Type           Power      Damage    Failure   Level
 Confusing Touch          Hex            16%        N/A       10%         3
 Tukima's Dance           Hex            16%        N/A       10%         3
 Ensorcelled Hibernation  Hex/Ice        18%        N/A       12%         2
 Dazzling Flash           Conj/Hex       18%        N/A       22%         3
 Ozocubu's Armour         Ice            2%         N/A       47%         3
 Metabolic Englaciation   Hex/Ice        4%         N/A       91%         5
 Simulacrum               Ice/Necr       1%         N/A       100%        6


Dungeon Overview and Level Annotations

Branches:
Dungeon (2/15)

Altars:

Shops:
D:2 *

Annotations:
D:2 Natasha


Innate Abilities, Weirdness & Mutations

You are very small and have problems with some larger weapons.
You are too small for most types of armour.
You have supernaturally acute eyesight. (SInv)
You cover ground extremely quickly. (Speed+++)


Message History

Natasha stares at you and mumbles some strange words.
The magic dart hits you.
* * * LOW HITPOINT WARNING * * *
It was a potion of ambrosia.
You are confused.
You feel invigorated. The shadow imp gestures at you.
Pain shoots through your body!
* * * LOW HITPOINT WARNING * * *
Natasha casts a spell.
You're too confused to move!
The shadow imp hits you.
* * * LOW HITPOINT WARNING * * *
Natasha completely misses you.
You're too confused to move!
The shadow imp closely misses you. Natasha closely misses you.
You hit the shadow imp.
The shadow imp is lightly wounded.
The shadow imp barely misses you. Natasha casts a spell at you.
The magic dart hits you.
You bump into the rock wall.
The shadow imp closely misses you.
Natasha mumbles some strange words.
You bump into the rock wall.
The shadow imp hits you. Natasha claws you!
You bump into the rock wall.
Natasha seems less brilliant.
The shadow imp barely misses you. Natasha claws you.
You're too confused to move!
You feel less invigorated.
You feel less confused. The shadow imp gestures at you.
Pain shoots through your body!
* * * LOW HITPOINT WARNING * * *
Natasha closely misses you.
You hit Natasha.
Natasha is severely wounded.
The shadow imp hits you.
* * * LOW HITPOINT WARNING * * *
Natasha barely misses you.
You hit Natasha.
Natasha is severely wounded.
The shadow imp hits you.
You die...

#.#######....
###
#............
..#
#####..†...#
#.# #...####
#.# ##.## #5#
#∩# #5# #.#
#h# #.# #@#
#.# #5# #.#
#.# #.#
#.##########.#
#......†.....#
##############


You could see Natasha, a crimson imp (summoned) and 2 shadow imps.

Vanquished Creatures
  5 adders (D:2)
  2 worms (D:2)
  3 dart slugs (D:1)
  3 ball pythons
  5 bats (D:1)
  6 endoplasms
  A giant cockroach (D:1)
  3 goblins
  4 hobgoblins
  2 jackals (D:1)
  2 quokkas (D:1)
  A frilled lizard (D:1)
  3 kobolds
  4 rats
44 creatures vanquished.

Notes
Turn   | Place    | Note
-------+----------+-------------------------------------------
     0 | D:1      | Decritt the Spriggan Enchanter began the quest for the Orb.
     0 | D:1      | Reached XP level 1. HP: 9/9 MP: 5/5
   124 | D:1      | Reached XP level 2. HP: 12/13 MP: 6/6
   237 | D:1      | Found a faded altar of an unknown god.
   468 | D:1      | Reached XP level 3. HP: 17/17 MP: 8/8
  1206 | D:2      | Reached skill level 5 in Stealth
  1217 | D:2      | Reached XP level 4. HP: 21/21 MP: 10/10
  1236 | D:2      | Reached skill level 1 in Fighting
  1260 | D:2      | Identified the +2 ring mail "Deiz" {Fly Str+3}
  1791 | D:2      | Found Paemm's General Store.
  1829 | D:2      | Noticed Natasha
  1848 | D:2      | Slain by a shadow imp

Illustrated notes

Levels and vault maps discovered:
D:1:      onia_arrival_mini_spirals, layout_basic,
          shapermc_ecumenical_altar_notcrosses
D:2:      layout_basic, serial_shops, shop, serial_curves, eino_curves_03,
          eino_curves_04, eino_curves_02, eino_curves_02, uniq_robin,
          uniq_crazy_yiuf_cottage, uniq_sigmund, uniq_natasha

Skill      XL: |  1  2  3  4 |
---------------+-------------+-----
Dodging        | 3 |  3.5
Spellcasting   | 3 |  3.5
Hexes          | 4 |  4.1
Short Blades   | 2 |  2.2
Stealth        | 5 |  5.2
Fighting       | 1 |  1.0

Action                   |  1- 3 |  4- 6 || total
-------------------------+-------+-------++-------
Melee: Dagger            |   149 |    82 ||   231
       Punch             |     1 |     1 ||     2
  Use: Potion            |       |     1 ||     1
 Stab: Sleeping          |    13 |     1 ||    14
Armor: Robe              |    11 |     3 ||    14
Dodge: Dodged            |   112 |    48 ||   160

Table legend: (Time is in decaauts)
 A = Elapsed time spent in this place.
 B = Non-inter-level travel time spent in this place.
 C = Inter-level travel time spent in this place.
 D = Time resting spent in this place.
 E = Time spent auto-exploring this place.
 F = Levels seen in this place.
 G = Mean time per level.
                   A        B        C        D        E       F      G
               +--------+--------+--------+--------+--------+-----+--------+
         Total |   1393 |   1392 |      1 |    349 |    666 |   2 |  696.5 |
       Dungeon |   1393 |   1392 |      1 |    349 |    666 |   2 |  696.5 |
               +--------+--------+--------+--------+--------+-----+--------+

Top non-repeatable levels by time:
     D:2: 815 daAuts
     D:1: 578 daAuts
